[ AOE2 MATCH · #491200539 ]
UnrankedPortuguese vs None
Rival team · WIN
[ REPLAY ANALYSIS · EXTRACTED FROM THE RECORDED GAME ]
Feudal
10:49
Castle
22:05
Imperial
34:15
| APM avg | 57.7 |
| APM peak | 125 |
| eAPM avg | 33.1 |
| Villagers / military | 146 / 63 |
Focus
⚔️ 43.4% · 🌾 56.6%
Monk ×23 · Fire Galley ×17 · Bombard Cannon ×9 · Galley ×8 · Unknown (2626) ×7 · Organ Gun ×4
Feudal
9:53
Castle
22:48
Imperial
33:37
| APM avg | 94.9 |
| APM peak | 165 |
| eAPM avg | 56.1 |
| Villagers / military | 140 / 115 |
Focus
⚔️ 65.7% · 🌾 34.3%
Galley ×75 · Fishing Ship ×41 · Cannon Galleon ×26 · Unknown (2626) ×25 · Fire Galley ×14
Match map
Initial resources + every placement click. Lines = walls · curves = elevation contours. ◆ gold · ⬟ stone · ● berries · ✦ relic · ◌ wall gap
Your base· Open — 3t gap
Inkisidor_'s base· Open — 4t gap
Smoothed initial terrain · ◌ = detected wall gap · hover for details
Inputs per minute
— FMG | GreatMaty - - Inkisidor_
Build order — FMG | GreatMaty
First 150 of 438 actions detected
| 0:00 | Create | Villager (Male) |
| 0:00 | Create | Villager (Male) |
| 0:01 | Build | House |
| 0:02 | Build | House |
| 0:16 | Create | Villager (Male) |
| 0:16 | Create | Villager (Male) |
| 1:26 | Create | Villager (Male) |
| 1:45 | Build | Lumber Camp |
| 1:52 | Create | Villager (Male) |
| 2:20 | Create | Villager (Male) |
| 2:44 | Create | Villager (Male) |
| 3:12 | Create | Villager (Male) |
| 3:31 | Build | House |
| 3:42 | Create | Villager (Male) |
| 4:06 | Create | Villager (Male) |
| 4:25 | Build | House |
| 4:34 | Build | Dock |
| 4:38 | Create | Villager (Male) |
| 4:54 | Build | House |
| 4:55 | Build | Palisade Wall |
| 4:56 | Build | Palisade Wall |
| 4:59 | Create | Villager (Male) |
| 5:20 | Create | Fishing Ship |
| 5:24 | Create | Villager (Male) |
| 5:37 | Create | Villager (Male) |
| 5:38 | Create | Fishing Ship |
| 5:45 | Build | Palisade Wall |
| 5:45 | Build | Palisade Wall |
| 6:14 | Create | Villager (Male) |
| 6:29 | Build | Mill |
| 6:38 | Create | Villager (Male) |
| 6:50 | Research | Loom |
| 7:10 | Build | Palisade Wall |
| 7:30 | Create | Villager (Male) |
| 7:39 | Create | Fishing Ship |
| 7:57 | Create | Villager (Male) |
| 8:01 | Create | Fishing Ship |
| 8:15 | Build | Palisade Wall |
| 8:16 | Build | Palisade Wall |
| 8:39 | Research | Feudal Age |
| 8:57 | Build | Lumber Camp |
| 9:18 | Build | Mining Camp |
| 9:24 | Build | Palisade Wall |
| 9:25 | Build | Palisade Wall |
| 9:58 | Build | Dock |
| 10:03 | Create | Villager (Male) |
| 10:11 | Build | House |
| 10:49 | Age | Feudal Age |
| 10:52 | Create | Villager (Male) |
| 10:55 | Create | Galley |
| 10:55 | Create | Galley |
| 11:13 | Create | Villager (Male) |
| 11:29 | Create | Villager (Male) |
| 11:32 | Create | Fire Galley |
| 11:32 | Create | Fire Galley |
| 11:40 | Build | House |
| 11:41 | Build | Palisade Wall |
| 11:54 | Create | Villager (Male) |
| 11:57 | Create | Fire Galley |
| 12:14 | Create | Villager (Male) |
| 12:17 | Build | House |
| 12:23 | Create | Fire Galley |
| 12:23 | Create | Fire Galley |
| 12:48 | Create | Villager (Male) |
| 13:03 | Create | Villager (Male) |
| 13:06 | Create | Unit 2626 |
| 13:16 | Create | Villager (Male) |
| 13:27 | Create | Villager (Male) |
| 13:40 | Create | Unit 2626 |
| 13:46 | Build | Dock |
| 13:52 | Create | Unit 2626 |
| 13:55 | Research | Double-Bit Axe |
| 14:22 | Create | Villager (Male) |
| 14:24 | Build | Farm |
| 14:24 | Build | Farm |
| 14:24 | Build | Farm |
| 14:24 | Build | Farm |
| 14:24 | Build | Farm |
| 14:25 | Build | Farm |
| 14:53 | Create | Villager (Male) |
| 14:55 | Create | Fire Galley |
| 14:58 | Build | House |
| 15:17 | Build | House |
| 15:23 | Build | Farm |
| 15:24 | Build | Farm |
| 15:37 | Research | Wheelbarrow |
| 15:42 | Create | Galley |
| 15:42 | Create | Galley |
| 15:48 | Create | Galley |
| 15:48 | Create | Galley |
| 16:22 | Create | Fire Galley |
| 16:23 | Create | Fire Galley |
| 16:25 | Create | Villager (Male) |
| 16:33 | Build | Farm |
| 16:51 | Build | Market |
| 17:01 | Create | Villager (Male) |
| 17:28 | Create | Villager (Male) |
| 17:30 | Create | Fire Galley |
| 17:30 | Create | Fire Galley |
| 17:34 | Create | Galley |
| 17:34 | Create | Galley |
| 17:41 | Build | Farm |
| 17:55 | Create | Villager (Male) |
| 18:39 | Create | Villager (Male) |
| 18:51 | Create | Villager (Male) |
| 18:57 | Build | Blacksmith |
| 19:01 | Build | Market |
| 19:25 | Research | Castle Age |
| 19:41 | Create | Unit 2626 ×2 |
| 19:56 | Build | House |
| 20:04 | Build | House |
| 20:17 | Create | Fire Galley ×3 |
| 20:54 | Create | Fire Galley ×4 |
| 21:05 | Build | House |
| 21:09 | Create | Unit 2626 |
| 21:44 | Create | Villager (Male) |
| 21:48 | Build | Palisade Wall |
| 21:59 | Create | Unit 2626 |
| 22:05 | Age | Castle Age |
| 22:06 | Create | Caravel |
| 22:07 | Research | War Galley (upgrade) |
| 22:21 | Create | Villager (Male) |
| 22:27 | Build | Town Center |
| 22:38 | Create | Villager (Male) |
| 22:45 | Build | Town Center |
| 22:51 | Build | Mining Camp |
| 23:04 | Create | Villager (Male) |
| 23:11 | Create | Villager (Male) |
| 23:17 | Research | Bow Saw |
| 23:17 | Research | Bow Saw |
| 23:52 | Create | Villager (Male) |
| 23:53 | Create | Villager (Male) |
| 24:02 | Build | Palisade Wall |
| 24:09 | Create | Villager (Male) |
| 24:09 | Create | Villager (Male) |
| 24:16 | Build | Farm |
| 24:17 | Build | Farm |
| 24:22 | Create | Villager (Male) |
| 24:22 | Create | Villager (Male) |
| 24:28 | Build | Farm |
| 24:28 | Build | Farm |
| 24:28 | Build | Farm |
| 24:28 | Build | Farm |
| 24:29 | Build | Farm |
| 24:29 | Build | Farm |
| 24:29 | Build | Farm |
| 24:29 | Build | Farm |
| 24:31 | Create | Villager (Male) |
| 24:31 | Create | Villager (Male) |
| 24:33 | Build | House |
Build order — Inkisidor_
First 150 of 482 actions detected
| 0:00 | Create | Villager (Male) |
| 0:00 | Create | Villager (Male) |
| 0:00 | Create | Villager (Male) |
| 0:01 | Create | Villager (Male) |
| 0:01 | Build | House |
| 0:02 | Build | House |
| 1:23 | Create | Villager (Male) |
| 1:23 | Create | Villager (Male) |
| 1:38 | Build | Lumber Camp |
| 1:59 | Create | Villager (Male) |
| 1:59 | Create | Villager (Male) |
| 2:25 | Create | Villager (Male) |
| 2:55 | Create | Villager (Male) |
| 2:55 | Create | Villager (Male) |
| 3:16 | Create | Villager (Male) |
| 3:16 | Create | Villager (Male) |
| 3:32 | Build | Dock |
| 3:45 | Build | House |
| 3:49 | Create | Villager (Male) |
| 4:16 | Create | Villager (Male) |
| 4:16 | Create | Villager (Male) |
| 4:34 | Create | Villager (Male) |
| 4:37 | Create | Fishing Ship |
| 4:37 | Create | Fishing Ship |
| 4:57 | Build | House |
| 5:04 | Create | Villager (Male) |
| 5:24 | Create | Villager (Male) |
| 5:25 | Create | Fishing Ship |
| 5:25 | Create | Fishing Ship |
| 5:39 | Build | House |
| 5:41 | Create | Villager (Male) |
| 5:55 | Create | Fishing Ship |
| 5:55 | Create | Fishing Ship |
| 6:03 | Research | Loom |
| 6:22 | Create | Villager (Male) |
| 6:42 | Create | Fishing Ship |
| 6:45 | Create | Villager (Male) |
| 7:15 | Create | Villager (Male) |
| 7:29 | Build | Lumber Camp |
| 7:41 | Research | Feudal Age |
| 7:41 | Research | Feudal Age |
| 8:35 | Build | Mining Camp |
| 8:52 | Build | Dock |
| 9:31 | Build | House |
| 9:31 | Build | House |
| 9:47 | Create | Villager (Male) |
| 9:53 | Age | Feudal Age |
| 9:54 | Build | House |
| 9:54 | Build | House |
| 9:57 | Create | Galley |
| 10:00 | Create | Galley |
| 10:10 | Create | Villager (Male) |
| 10:24 | Build | Dock |
| 10:29 | Create | Villager (Male) |
| 10:46 | Create | Galley |
| 10:46 | Create | Galley |
| 10:56 | Create | Galley |
| 10:57 | Create | Villager (Male) |
| 11:20 | Create | Unit 2626 |
| 11:20 | Create | Unit 2626 |
| 11:20 | Create | Unit 2626 |
| 11:21 | Create | Villager (Male) |
| 11:25 | Create | Villager (Male) |
| 11:29 | Build | House |
| 11:47 | Create | Villager (Male) |
| 11:58 | Build | Blacksmith |
| 12:11 | Create | Villager (Male) |
| 12:15 | Create | Fire Galley |
| 12:15 | Create | Fire Galley |
| 12:16 | Create | Villager (Male) |
| 12:24 | Create | Galley |
| 12:24 | Create | Galley |
| 12:41 | Create | Galley |
| 12:42 | Create | Galley |
| 12:44 | Research | Fletching |
| 12:55 | Create | Villager (Male) |
| 12:59 | Create | Galley |
| 13:01 | Build | House |
| 13:04 | Create | Villager (Male) |
| 13:16 | Create | Villager (Male) |
| 13:27 | Create | Galley |
| 13:27 | Create | Galley |
| 13:35 | Create | Unit 2626 |
| 13:35 | Create | Unit 2626 |
| 13:36 | Create | Villager (Male) |
| 14:03 | Create | Villager (Male) |
| 14:05 | Create | Unit 2626 |
| 14:06 | Create | Unit 2626 |
| 14:07 | Create | Villager (Male) |
| 14:17 | Build | Mill |
| 14:26 | Create | Fire Galley |
| 14:26 | Create | Fire Galley |
| 14:28 | Create | Villager (Male) |
| 14:55 | Create | Galley |
| 14:55 | Create | Galley |
| 15:00 | Research | Double-Bit Axe |
| 15:01 | Research | Double-Bit Axe |
| 15:01 | Research | Double-Bit Axe |
| 15:01 | Research | Double-Bit Axe |
| 15:01 | Create | Villager (Male) |
| 15:11 | Create | Galley |
| 15:11 | Create | Galley |
| 15:24 | Create | Galley |
| 15:25 | Create | Galley |
| 15:25 | Create | Villager (Male) |
| 15:31 | Create | Villager (Male) |
| 15:35 | Research | Horse Collar |
| 15:35 | Research | Horse Collar |
| 15:35 | Research | Horse Collar |
| 15:37 | Create | Villager (Male) |
| 15:41 | Create | Galley |
| 15:41 | Create | Galley |
| 15:42 | Create | Villager (Male) |
| 15:47 | Create | Villager (Male) |
| 16:00 | Create | Villager (Male) |
| 16:10 | Create | Unit 2626 |
| 16:12 | Create | Villager (Male) |
| 16:15 | Build | House |
| 16:15 | Build | House |
| 16:16 | Build | House |
| 16:17 | Build | House |
| 16:31 | Build | Market |
| 16:34 | Build | Farm |
| 16:46 | Create | Villager (Male) |
| 16:48 | Build | Farm |
| 16:50 | Build | Farm |
| 16:51 | Build | Farm |
| 16:52 | Create | Villager (Male) |
| 17:01 | Create | Unit 2626 |
| 17:01 | Create | Unit 2626 |
| 17:04 | Create | Villager (Male) |
| 17:20 | Create | Unit 2626 |
| 17:20 | Create | Unit 2626 |
| 17:24 | Create | Unit 2626 |
| 17:32 | Build | Farm |
| 17:44 | Build | House |
| 17:51 | Build | Farm |
| 17:52 | Create | Villager (Male) |
| 17:54 | Create | Galley |
| 17:54 | Create | Galley |
| 18:28 | Create | Unit 2626 |
| 18:28 | Create | Unit 2626 |
| 18:28 | Create | Unit 2626 |
| 18:30 | Create | Villager (Male) |
| 18:43 | Create | Villager (Male) |
| 18:44 | Build | Farm |
| 18:50 | Create | Unit 2626 |
| 18:50 | Create | Unit 2626 |
| 19:10 | Create | Villager (Male) |
| 19:15 | Create | Unit 2626 |
Match timeline
| 3:32 | Inkisidor_ · first_building Dock |
| 4:34 | FMG | GreatMaty · first_building Dock |
| 4:55 | FMG | GreatMaty · wall_segment Palisade Wall x1 |
| 4:56 | FMG | GreatMaty · wall_segment Palisade Wall x1 |
| 5:45 | FMG | GreatMaty · wall_segment Palisade Wall x1 |
| 5:45 | FMG | GreatMaty · wall_segment Palisade Wall x1 |
| 7:10 | FMG | GreatMaty · wall_segment Palisade Wall x6 |
| 8:15 | FMG | GreatMaty · wall_segment Palisade Wall x12 |
| 8:16 | FMG | GreatMaty · wall_segment Palisade Wall x2 |
| 9:24 | FMG | GreatMaty · wall_segment Palisade Wall x1 |
| 9:25 | FMG | GreatMaty · wall_segment Palisade Wall x1 |
| 9:53 | Inkisidor_ · age_up feudal |
| 10:49 | FMG | GreatMaty · age_up feudal |
| 11:41 | FMG | GreatMaty · wall_segment Palisade Wall x1 |
| 17:38 | FMG | GreatMaty · first_market_buy 500 food |
| 18:41 | FMG | GreatMaty · first_market_sell 500 stone |
| 19:41 | Inkisidor_ · first_market_sell 100 wood |
| 21:48 | FMG | GreatMaty · wall_segment Palisade Wall x1 |
| 22:05 | FMG | GreatMaty · age_up castle |
| 22:48 | Inkisidor_ · age_up castle |
| 24:02 | FMG | GreatMaty · wall_segment Palisade Wall x1 |
| 24:29 | Inkisidor_ · first_market_buy 100 wood |
| 25:20 | FMG | GreatMaty · wall_segment Palisade Wall x1 |
| 26:42 | FMG | GreatMaty · wall_segment Palisade Wall x8 |
| 27:48 | FMG | GreatMaty · first_building Monastery |
| 28:03 | FMG | GreatMaty · wall_segment Palisade Wall x9 |
| 28:05 | FMG | GreatMaty · wall_segment Palisade Wall x4 |
| 28:26 | FMG | GreatMaty · wall_segment Palisade Wall x1 |
| 29:25 | FMG | GreatMaty · first_building Castle |
| 29:33 | Inkisidor_ · first_building Monastery |
| 31:02 | Inkisidor_ · first_building Castle |
| 32:35 | FMG | GreatMaty · first_building Barracks |
| 33:37 | Inkisidor_ · age_up imperial |
| 34:15 | FMG | GreatMaty · age_up imperial |
| 35:28 | FMG | GreatMaty · first_building Siege Workshop |
| 38:42 | FMG | GreatMaty · first_building Stable |
| 42:08 | Inkisidor_ · first_building Barracks |
| 42:11 | FMG | GreatMaty · resign |
[ AI ANALYSIS · 1 CREDIT ]
What really happened in this match?
Wolo.gg analyzes every decision: build order, eco, micro, common mistakes by bracket. Personalized analysis on WhatsApp or Discord in 30 seconds.
Civ guide
Portuguese
Perfil
GreatMaty